 Dungeon Crawl Stone Soup version 0.22-a0-247-gbddf880 (webtiles) character file.

23751 mhoghedin the Carver (level 12, 0/106 HPs)
             Began as a Red Draconian Warper on Feb 27, 2018.
             Was a Priest of Ashenzari.
             Slain by an anaconda skeleton (11 damage)
             ... in a volcano.
             The game lasted 00:54:53 (13062 turns).

mhoghedin the Carver (Red Draconian Warper)        Turns: 13062, Time: 00:54:55

Health: 0/106      AC: 10    Str: 16    XL:     12   Next: 74%
Magic:  2/19       EV: 24    Int: 22    God:    Ashenzari [***...]
Gold:   975        SH:  5    Dex: 15    Spells: 3/21 levels left

rFire    + . .     SeeInvis +   x - +2 long sword (freeze) (curse)
rCold    . . .     Gourm    .   a - +0 buckler
rNeg     . . .     Faith    .   (armour unavailable)
rPois    .         Spirit   .   (helmet restricted)
rElec    +         Reflect  .   b - +0 cloak
rCorr    .         Harm     .   J - +0 pair of gloves
MR       +....                  (no boots)
Stlth    ++........             s - amulet of regeneration (curse) {+regen, !d}
HPRegen  0.67/turn              G - +4 ring of evasion (curse)
MPRegen  0.16/turn              u - ring of protection from magic (curse) {MR+, !d}

@: brilliant, agile, short of breath, very slightly contaminated, constricted
A: breathe fire, unfitting armour, fire resistance 1, electricity resistance,
evolution 1, cold-blooded, AC +8
a: Breathe Fire, Curse Item, Scrying, Renounce Religion


You were in a volcano.
You worshipped Ashenzari.
Ashenzari was most pleased with you.
You were hungry.

You visited 3 branches of the dungeon, and saw 15 of its levels.
You also visited: Volcano.

You collected 975 gold pieces.

Inventory:

Hand Weapons
 x - a cursed +2 long sword of freezing (weapon)
   (You took it off a wight on level 8 of the Dungeon)
Missiles
 d - 5 tomahawks of dispersal {=f}
 r - 16 tomahawks (quivered)
 w - 4 tomahawks of returning
 z - 3 throwing nets {=f, !d}
Armour
 a - a +0 buckler (worn)
   (You found it on level 7 of the Dungeon)
 b - a +0 cloak (worn)
   (You took it off Maurice on level 9 of the Dungeon)
 J - a +0 pair of gloves (worn)
   (You found it on level 10 of the Dungeon)
Jewellery
 s - a cursed amulet of regeneration (around neck) {+regen, !d}
   (You found it on level 3 of the Dungeon)
 u - a cursed ring of protection from magic (right hand) {MR+, !d}
   (You found it on level 3 of the Dungeon)
 A - an uncursed ring of protection from fire {rF+, !d}
   (You found it on level 8 of the Dungeon)
 G - a cursed +4 ring of evasion (left hand)
   (You found it on level 9 of the Dungeon)
 O - an uncursed ring of fire {rF+, rC-}
   (You found it on level 2 of the Lair of Beasts)
Wands
 f - a wand of flame (28)
   (You found it on level 8 of the Dungeon)
 v - a wand of paralysis (13)
   (You took it off Ijyb on level 5 of the Dungeon)
 C - a wand of enslavement (15)
   (You found it on level 11 of the Dungeon)
 E - a wand of disintegration (8)
   (You found it on level 9 of the Dungeon)
Scrolls
 c - 5 scrolls of blinking {!r}
 g - 4 scrolls of remove curse
 h - a scroll of fog
 k - 2 scrolls of immolation {!r}
 l - 4 scrolls of enchant armour
 m - a scroll of fear
 o - 5 scrolls of amnesia
 q - 6 scrolls of teleportation
 y - 2 scrolls of magic mapping {!r}
 D - a scroll of brand weapon {unknown}
 I - a scroll of enchant weapon
 K - a scroll of acquirement {unknown}
Potions
 e - 2 potions of agility
 j - a potion of cancellation {unknown}
 n - 2 potions of lignification {!q}
 p - 4 potions of curing
 t - a potion of ambrosia
 F - a potion of might {unknown}
 H - 2 potions of flight {unknown}
Miscellaneous
 M - a phial of floods (inert)
   (You found it on level 2 of the Lair of Beasts)
Comestibles
 i - 24 rations
 L - 4 chunks of flesh {@w0}


   Skills:
 + Level 10.2 Fighting
 + Level 10.7(13.4) Long Blades
 - Level 5.1 Throwing
 + Level 9.1 Dodging
 - Level 4.1 Shields
 - Level 5.2 Spellcasting
 - Level 2.5(4.9) Conjurations
 - Level 2.9(5.3) Charms
 - Level 1.0(2.6) Necromancy
 - Level 4.4(7.2) Translocations
 + Level 6.8(9.8) Fire Magic
 - Level 2.5(4.9) Air Magic
 - Level 2.6(5.0) Poison Magic
 - Level 5.0(7.9) Evocations


You had 3 spell levels left.
You knew the following spells:

 Your Spells              Type           Power        Failure   Level  Hunger
a - Shroud of Golubria    Chrm/Tloc      #####.....   1%          2    None
b - Blink                 Tloc           N/A          1%          2    None
c - Ignition              Fire           ######....   67%         8    #######
r - Regeneration          Chrm/Necr      #####.....   1%          3    ##.....
x - Mephitic Cloud        Conj/Pois/Air  #####...     1%          3    ##.....


Dungeon Overview and Level Annotations

Branches:
Dungeon (11/15)            Temple (1/1) D:6            Lair (3/6) D:11
 Spider (0/4) Lair:3          Orc (0/2) D:10
  Swamp: Lair:2-4    Shoals: Lair:2-4

Altars:
Ashenzari
Cheibriados
Dithmenos
Elyvilon
Fedhas
Gozag
Hepliaklqana
Kikubaaqudgha
Makhleb
Nemelex Xobeh
Okawaru
Qazlal
Ru
Sif Muna
Trog
Uskayaw
Vehumet
Wu Jian
Xom
Yredelemnul
Zin
The Shining One
Beogh

Shops:
D:9 ?

Portals:
Trove: D:11 (give +7 demon whip)

Annotations:
D:8 1 runed door


Innate Abilities, Weirdness & Mutations

You can breathe blasts of fire.
Your fiery red scales are hard. (AC +8)
You cannot fit into any form of body armour.
Your flesh is heat resistant. (rF+)
You are cold-blooded and may be slowed by cold attacks.
You are resistant to electric shocks. (rElec)
You evolve.


Message History

You now have 9/19 mp.
Unknown command.
You feel agile all of a sudden.
You regained 2 hp, and now have 105/106 hp.
You slash the skeletal warrior! You freeze the skeletal warrior.
Your shroud bends the skeletal warrior's attack away!
Health restored: 106 You hit the skeletal warrior.
The skeletal warrior completely misses you.
You slash the skeletal warrior! You freeze the skeletal warrior.
You hit the skeletal warrior. You freeze the skeletal warrior.
The skeletal warrior misses you.
You hit the skeletal warrior but do no damage.
You tail-slap the skeletal warrior, but do no damage.
You hit the skeletal warrior.
Your skin is crawling a little less now.
The skeletal warrior hits you with a great sword of flaming!!
Your shroud falls apart!
The skeletal warrior burns you.
You take 29 damage, and have 77/106 hp.
MASSIVE DAMAGE!!
Okay, then.
Unknown command.
Unknown command.
Okay, then.
Unknown command.
You hit the skeletal warrior but do no damage.
The skeletal warrior completely misses you.
Okay, then.
Unknown command.
Okay, then.
Unknown command.
You hit the skeletal warrior but do no damage.
You barely miss the skeletal warrior.
You block the skeletal warrior's attack.
You slash the skeletal warrior! You freeze the skeletal warrior.
You closely miss the skeletal warrior. The skeletal warrior misses you.
You hit the skeletal warrior but do no damage.
You regained 2 hp, and now have 84/106 hp.
You closely miss the skeletal warrior.
The skeletal warrior hits you with a great sword of flaming!!
The skeletal warrior burns you.
You take 24 damage, and have 60/106 hp.
MASSIVE DAMAGE!!
Your skin stops crawling.
Space distorts slightly along a thin shroud covering your body.
The skeletal warrior hits you with a great sword of flaming!!
The skeletal warrior burns you.
You take 22 damage, and have 39/106 hp.
MASSIVE DAMAGE!!
You now have 9/19 mp.
Aim: a skeletal warrior, wielding a great sword of flaming (severely damaged, chance to defeat MR: 8%)
Okay, then.
Unknown command.
Aim: a skeletal warrior, wielding a great sword of flaming (severely damaged)
You breathe a blast of fire.
The fiery breath misses the skeletal warrior.
The fiery breath hits the spriggan skeleton. x2
You feel somewhat more hungry.
The spriggan skeleton is engulfed in blazing flames.
It was a potion of brilliance.
You feel clever all of a sudden. The skeletal warrior barely misses you.
You riposte.
You hit the skeletal warrior.
The spriggan skeleton is engulfed in blazing flames.
You destroy the spriggan skeleton!
Okay, then.
Unknown command.
The spell is very dangerous to cast (67% risk of failure)!
Continue anyway?
You miscast Ignition.
You are very lightly contaminated with residual magic.
You are covered in liquid flames!
You are covered in liquid flames!
You are feeling hungry.
You are covered in liquid flames!
The harpy skeleton is engulfed in blazing flames.
The skeletal warrior hits you with a great sword of flaming!!
* * * LOW HITPOINT WARNING * * *
Your shroud falls apart!
The skeletal warrior burns you.
* * * LOW HITPOINT WARNING * * *
The harpy skeleton is engulfed in blazing flames.
You take 32 damage, and have 9/106 hp.
MASSIVE DAMAGE!!
You now have 1/19 mp.
Unknown command.
As you read the scroll of teleportation, it crumbles to dust.
You feel strangely unstable.
You are covered in liquid flames!
* * * LOW HITPOINT WARNING * * *
The harpy skeleton is engulfed in blazing flames. x2
The skeletal warrior barely misses you.
You riposte.
You hit the skeletal warrior but do no damage.
You take 1 damage, and have 8/106 hp.
Unknown command.
The harpy skeleton is engulfed in blazing flames. x2
Your surroundings suddenly seem different.
The anaconda skeleton grabs you. The anaconda skeleton bites you!
You die...

≈ * #### ** ≈ * $$#* ,,+
*,..#*, ,+ * ≈≈## * ..#
, * ≈ §≈≈# #.#* *
§≈§≈§§≈## #.#* #,
§≈≈§§§≈§## ##.##.## * *
* ≈≈§§§§≈≈.###**#Z@....#
**,
≈≈≈≈≈≈§.§#.##..9........
,
≈≈≈≈≈≈.§..≈.###Z#..#.###
, ≈§≈≈≈≈≈≈...zZ.'Z.....#
* ≈§≈≈≈≈§...≈.###.#..#.#
* *
≈≈≈≈.......##,9........
, , ≈......#####
#.,....### * ,* .....###
##,∩.### * ...### , ,#


You could see 2 gargoyles, an anaconda skeleton, an alligator skeleton and a
harpy skeleton.

Vanquished Creatures
  Snorg (D:11)
  Josephine (D:11)
  2 hydras (Lair:2)
  6 two-headed ogres
  The ghost of tsouns the Sneak, a novice OpFi of Gozag (D:6)
  3 ugly things (D:11)
  A cyclops (D:7)
  An oklob plant (D:11)
  A black mamba (Lair:2)
  Maurice (D:9)
  3 spiny frogs (Lair:2)
  A komodo dragon (Lair:2)
  A troll (D:11)
  8 blink frogs
  6 hippogriffs
  Prince Ribbit (D:8)
  3 flying skulls (Volcano)
  6 yaks (D:8)
  4 wraiths (D:11)
  2 basilisks
  8 humans (D:8)
  An acid dragon (D:10)
  5 water moccasins
  A porcupine (Lair:2)
  A swamp drake (D:10)
  A sky beast (D:8)
  2 black bears
  8 orc warriors
  2 ice beasts
  2 necrophages (D:8)
  4 ogres
  2 phantoms
  2 crocodiles
  A big kobold (D:6)
  9 bullfrogs
  2 scorpions
  6 killer bees (D:8)
  A spriggan skeleton (Volcano)
  3 wights (D:8)
  A howler monkey (D:4)
  7 crimson imps
  2 bullfrog zombies
  2 centaur zombies
  13 hounds
  3 jellies
  8 orc priests
  A centaur skeleton (D:6)
  14 orc wizards
  2 bullfrog skeletons
  Ijyb (D:5)
  Natasha (twice) (D:2)
  6 iguanas
  5 worker ants
  A killer bee zombie (D:9)
  2 hound zombies
  A hound skeleton (D:7)
  A mummy (D:8)
  A howler monkey zombie (D:8)
  3 worker ant zombies
  14 adders
  A shadow imp (D:10)
  An ooze (D:3)
  3 adder skeletons
  3 worms
  2 dart slugs
  7 leopard geckos
  82 orcs
  12 giant cockroaches
  6 goblins
  3 hobgoblins
  14 jackals
  10 kobolds
  7 quokkas
  8 bats
  9 frilled lizards
  A jackal skeleton (D:4)
  A jackal zombie (D:6)
  2 quokka skeletons
  12 rats
  2 plants (D:11)
390 creatures vanquished.

Vanquished Creatures (others)
  3 fungi (Lair:2)
  3 plants (D:11)
  A withered plant (D:8)
7 creatures vanquished.

Grand Total: 397 creatures vanquished

Notes
Turn   | Place    | Note
-------+----------+-------------------------------------------
     0 | D:1      | mhoghedin the Draconian Warper began the quest for the Orb.
     0 | D:1      | Reached XP level 1. HP: 17/17 MP: 3/3
    41 | D:1      | Reached skill level 1 in Throwing
    93 | D:1      | Reached XP level 2. HP: 13/25 MP: 5/5
   950 | D:1      | Learned a level 2 spell: Blink
   953 | D:1      | Learned a level 2 spell: Shroud of Golubria
  1003 | D:2      | Reached XP level 3. HP: 29/30 MP: 6/6
  1304 | D:2      | Reached skill level 3 in Long Blades
  1507 | D:2      | Noticed Natasha
  1536 | D:2      | Killed Natasha
  1536 | D:2      | Reached XP level 4. HP: 36/37 MP: 7/7
  1564 | D:2      | Noticed Natasha
  1580 | D:2      | Killed Natasha
  1580 | D:2      | Reached skill level 4 in Long Blades
  2060 | D:3      | Reached XP level 5. HP: 43/44 MP: 8/8
  2374 | D:3      | Found a white marble altar of Elyvilon.
  2532 | D:4      | Reached skill level 5 in Long Blades
  2616 | D:4      | Reached XP level 6. HP: 39/50 MP: 5/9
  2625 | D:4      | Reached skill level 6 in Long Blades
  2861 | D:4      | Reached skill level 3 in Fighting
  3193 | D:5      | Entered Level 5 of the Dungeon
  3226 | D:5      | Your scales start taking on a fiery red colour.
  3226 | D:5      | Reached XP level 7. HP: 57/57 MP: 7/10
  3226 | D:5      | Gained mutation: Your flesh is heat resistant. (rF+) [Red Draconian growth]
  3231 | D:5      | Learned a level 3 spell: Mephitic Cloud
  3235 | D:5      | Learned a level 3 spell: Conjure Flame
  3266 | D:5      | Reached skill level 3 in Dodging
  3356 | D:5      | Noticed Ijyb
  3367 | D:5      | Paralysed by Ijyb for 5 turns
  3378 | D:5      | Killed Ijyb
  3378 | D:5      | Reached skill level 4 in Fighting
  3487 | D:5      | Reached skill level 4 in Dodging
  3489 | D:5      | Reached skill level 5 in Fighting
  3770 | D:5      | Reached XP level 8. HP: 61/69 MP: 8/11
  3942 | D:6      | Reached skill level 1 in Fire Magic
  3953 | D:6      | Reached skill level 1 in Conjurations
  3953 | D:6      | Reached skill level 1 in Air Magic
  3953 | D:6      | Reached skill level 1 in Poison Magic
  4096 | D:6      | Noticed tsouns's ghost (novice OpFi)
  4173 | D:6      | Reached skill level 2 in Fire Magic
  4303 | D:6      | Reached skill level 2 in Poison Magic
  4314 | D:6      | Reached skill level 2 in Conjurations
  4314 | D:6      | Reached skill level 4 in Translocations
  4314 | D:6      | Reached skill level 2 in Air Magic
  4488 | D:6      | Found a sacrificial altar of Ru.
  4555 | D:6      | Reached skill level 1 in Charms
  4603 | D:6      | Found a radiant altar of Vehumet.
  4622 | D:6      | Found a staircase to the Ecumenical Temple.
  4631 | Temple   | Entered the Ecumenical Temple
  4742 | Temple   | Became a worshipper of Ashenzari the Shackled
  4785 | D:6      | Killed tsouns's ghost
  4785 | D:6      | Reached skill level 6 in Fighting
  4785 | D:6      | Reached skill level 7 in Long Blades
  4785 | D:6      | Reached skill level 2 in Throwing
  4785 | D:6      | Reached XP level 9. HP: 47/75 MP: 12/12
  4874 | D:6      | Reached skill level 5 in Dodging
  5569 | D:7      | Noticed a cyclops
  5589 | D:7      | Killed a cyclops
  5701 | D:6      | Reached skill level 7 in Fighting
  5753 | D:7      | Reached skill level 3 in Throwing
  5925 | D:7      | Found a burning altar of Makhleb.
  6290 | D:8      | HP: 25/118 [killer bee (6)]
  6295 | D:8      | Reached skill level 6 in Dodging
  6305 | D:8      | Reached skill level 8 in Long Blades
  6306 | D:8      | HP: 29/118 [killer bee (2)]
  6311 | D:8      | HP: 26/118 [killer bee (2)]
  6420 | D:8      | Identified the +2 hand axe of Battle {speed, rC++}
  6434 | D:8      | Noticed a two-headed ogre
  6480 | D:8      | Reached skill level 4 in Throwing
  6480 | D:8      | Reached XP level 10. HP: 62/86 MP: 13/13
  6543 | D:8      | Found a runed door.
  6579 | D:8      | Reached skill level 8 in Fighting
  6634 | D:8      | Reached skill level 5 in Throwing
  6639 | D:8      | Reached skill level 7 in Dodging
  6757 | D:8      | Found a runed door.
  7059 | D:8      | Reached skill level 9 in Long Blades
  7077 | D:8      | Found a shimmering altar of Xom.
  7077 | D:8      | Noticed Prince Ribbit
  7084 | D:8      | Killed Prince Ribbit
  7084 | D:8      | Reached skill level 1 in Shields
  7285 | D:8      | Killed a two-headed ogre
  7285 | D:8      | Reached skill level 2 in Shields
  7380 | D:8      | Found a shadowy altar of Dithmenos.
  7493 | D:8      | Found a roughly hewn altar of Beogh.
  7789 | D:9      | Reached * piety under Ashenzari
  7795 | D:9      | Reached skill level 3 in Shields
  7795 | D:9      | Reached XP level 11. HP: 89/95 MP: 11/14
  7973 | D:9      | Found Nuakkiv's Magic Scroll Shoppe.
  8233 | D:9      | Noticed a two-headed ogre
  8249 | D:9      | Killed a two-headed ogre
  8321 | D:9      | Noticed a two-headed ogre
  8330 | D:9      | Killed a two-headed ogre
  8485 | D:9      | Noticed Maurice
  8547 | D:9      | Killed Maurice
  8547 | D:9      | Reached skill level 8 in Dodging
  8614 | D:10     | Entered Level 10 of the Dungeon
  8633 | D:10     | Gained mutation: You tend to lose your temper in combat. [potion of mutation]
  8633 | D:10     | Gained mutation: Your tail ends in a poisonous barb. [potion of mutation]
  8634 | D:10     | Lost mutation: Your tail ends in a poisonous barb. [potion of mutation]
  8634 | D:10     | Gained mutation: Your spells are a little easier to cast, but a little less powerful. [potion of mutation]
  8634 | D:10     | Gained mutation: You are occasionally teleported next to monsters. [potion of mutation]
  8634 | D:10     | Lost mutation: Your spells are a little easier to cast, but a little less powerful. [potion of mutation]
  8634 | D:10     | Gained mutation: You evolve. [potion of mutation]
  8635 | D:10     | Lost mutation: You tend to lose your temper in combat. [potion of mutation]
  8635 | D:10     | Lost mutation: You are occasionally teleported next to monsters. [potion of mutation]
  8635 | D:10     | Lost mutation: You evolve. [potion of mutation]
  8635 | D:10     | Gained mutation: You are resistant to electric shocks. (rElec) [potion of mutation]
  8635 | D:10     | Gained mutation: You are frail. (-10% HP) [potion of mutation]
  8635 | D:10     | Gained mutation: You evolve. [potion of mutation]
  8701 | D:10     | Reached skill level 9 in Fighting
  8709 | D:10     | Noticed a two-headed ogre
  8718 | D:10     | Killed a two-headed ogre
  8718 | D:10     | Reached skill level 4 in Shields
  9015 | D:10     | Reached ** piety under Ashenzari
  9040 | D:10     | Reached skill level 10 in Long Blades
  9091 | D:10     | Found a hide-covered altar of Uskayaw.
  9143 | D:10     | Noticed a two-headed ogre
  9156 | D:10     | Killed a two-headed ogre
  9331 | D:10     | Found a staircase to the Orcish Mines.
  9723 | D:11     | Noticed a two-headed ogre
  9727 | D:11     | Killed a two-headed ogre
  9768 | D:11     | Noticed a green ugly thing
  9782 | D:11     | Killed a green ugly thing
  9849 | D:11     | Found a portal to a secret trove of treasure.
  9976 | D:11     | Reached skill level 10 in Fighting
  9979 | D:11     | Reached skill level 9 in Dodging
 10083 | D:11     | Found a basalt altar of Yredelemnul.
 10084 | D:11     | Noticed a brown ugly thing
 10110 | D:11     | Killed a brown ugly thing
 10201 | D:11     | Noticed an oklob plant
 10222 | D:11     | Found a staircase to the Lair.
 10268 | D:11     | Noticed a red ugly thing
 10280 | D:11     | Killed a red ugly thing
 10280 | D:11     | Reached skill level 1 in Evocations
 10302 | D:11     | Noticed Josephine
 10590 | D:11     | Killed Josephine
 10590 | D:11     | Reached skill level 3 in Evocations
 10590 | D:11     | Reached XP level 12. HP: 93/95 MP: 7/15
 10794 | D:11     | Noticed Snorg
 10893 | D:11     | Killed Snorg
 10893 | D:11     | Reached skill level 4 in Evocations
 11188 | Lair:1   | Entered Level 1 of the Lair of Beasts
 11501 | Lair:1   | Reached *** piety under Ashenzari
 11801 | Lair:1   | Learned a level 8 spell: Ignition
 11842 | Lair:2   | Reached skill level 3 in Fire Magic
 11941 | Lair:2   | Reached skill level 3 in Spellcasting
 11941 | Lair:2   | Reached skill level 4 in Fire Magic
 11973 | Lair:2   | Noticed an eight-headed hydra
 11994 | Lair:2   | HP: 18/95 [eight-headed hydra (14)]
 11994 | Lair:2   | HP: 6/95 [eight-headed hydra (12)]
 12008 | Lair:2   | Killed an eight-headed hydra
 12099 | Lair:2   | Lost mutation: You are frail. (-10% HP) [evolution]
 12115 | Lair:2   | Noticed a seven-headed hydra
 12120 | Lair:2   | Killed a seven-headed hydra
 12120 | Lair:2   | Reached skill level 4 in Spellcasting
 12120 | Lair:2   | Reached skill level 5 in Fire Magic
 12461 | Lair:2   | Learned a level 3 spell: Regeneration
 12531 | Lair:2   | Reached skill level 5 in Evocations
 12728 | Lair:3   | Reached skill level 6 in Fire Magic
 12849 | Lair:3   | Reached skill level 2 in Charms
 12860 | Lair:3   | Reached skill level 1 in Necromancy
 12929 | Lair:3   | Reached skill level 5 in Spellcasting
 12945 | Lair:3   | Found a dark tunnel.
 12972 | Volcano  | Entered a volcano
 13057 | Volcano  | HP: 11/106 [skeletal warrior/great sword of flaming (28)]
 13062 | Volcano  | Slain by an anaconda skeleton

Vault maps used:
D:1:      tarquinn_simple_flora_water_f, hex_large, minmay_pentomino_s2
D:2:      minmay_roachtagon, serial_curves, eino_curves_03, eino_curves_01,
          feat_on_display, uniq_natasha
D:3:      hangedman_glass_teeth, elyvilon_altar_5
D:4:      grunt_ministairs_14
D:5:      first_ration, uniq_ijyb
D:6:      nicolae_ru_awakened_eye, kennysheep_mini,
          minmay_temple_entry_junction, hex_intersection
D:7:      old_standard_altar, roderic_cross_of_infinity
D:8:      erik_cavepeople, grunt_dithmenos_shadows, serial_undead,
          serial_undead_e, serial_undead_f, serial_undead_d, serial_undead_e,
          serial_undead_a, special_room, basic_altar, grunt_ogre_cave,
          uniq_prince_ribbit1
D:9:      serial_shops, shop, minmay_misc_feat_encased, uniq_maurice
D:10:     erik_orc_1, basic_altar, kb_rosetta
D:11:     dpeg_oklobed_lair, basic_altar, nicolae_trove_entry_crossroad,
          uniq_snorg, uniq_josephine
Temple:   hc_temple_tempest_star
Lair:3:   dummy_spider_entry, nicolae_volcano_entry_two_sided
Volcano:  volcano_tomb

Skill      XL: |  1  2  3  4  5  6  7  8  9 10 11 12 |
---------------+-------------------------------------+-----
Throwing       | 1 2 4 5 |  5.1
Long Blades    | 3 4 5 6 7 8 9 10 | 10.7
Fighting       | 3 5 6 7 8 10 | 10.2
Dodging        | 4 6 7 9 |  9.1
Fire Magic     | 2 6 |  6.8
Conjurations   | 2 |  2.5
Air Magic      | 2 |  2.5
Poison Magic   | 2 |  2.6
Translocations | 4 |  4.4
Charms         | 1 2 |  2.9
Shields        | 3 4 |  4.1
Evocations     | 3 5 |  5.0
Spellcasting   | 5 |  5.2
Necromancy     | 1 |  1.0

Action                   |  1- 3 |  4- 6 |  7- 9 | 10-12 || total
-------------------------+-------+-------+-------+-------++-------
Melee: Falchion          |    43 |    23 |   253 |       ||   319
       Tailslap          |    19 |    28 |    69 |    88 ||   204
       Hand axe          |    15 |       |       |       ||    15
       Short sword       |   116 |   260 |   277 |       ||   653
       Long sword        |       |       |    11 |   729 ||   740
Throw: Tomahawk          |       |     3 |    33 |    22 ||    58
 Cast: Shroud of Golubri |     8 |    16 |    35 |    75 ||   134
       Mephitic Cloud    |       |       |    10 |     8 ||    18
       Conjure Flame     |       |       |     1 |     1 ||     2
       Blink             |       |       |     1 |    10 ||    11
       Regeneration      |       |       |       |     1 ||     1
Invok: Curse Item        |       |       |     3 |     1 ||     4
       Scrying           |       |       |       |     1 ||     1
 Abil: Breathe Fire      |       |       |    13 |    26 ||    39
Evoke: Wand              |       |       |     2 |    15 ||    17
       Phantom mirror    |       |       |       |     1 ||     1
       Phial of floods   |       |       |       |     1 ||     1
  Use: Scroll            |     1 |     2 |    10 |    11 ||    24
       Potion            |       |       |     3 |     6 ||     9
 Stab: Distracted        |     1 |       |       |       ||     1
       Confused          |       |       |     2 |       ||     2
       Paralysed         |       |       |       |     6 ||     6
       Sleeping          |       |       |       |     1 ||     1
  Eat: Chunk             |     3 |     3 |     8 |     9 ||    23
       Ration            |       |     1 |     3 |     7 ||    11
Armor: Skin              |    66 |    74 |   204 |   136 ||   480
Dodge: Dodged            |   138 |   201 |   400 |   446 ||  1185
Block: Buckler           |       |       |       |   122 ||   122
       Rpst.: Falchion   |    16 |     4 |    57 |       ||    77
       Long sword        |       |       |     8 |   108 ||   116

Table legend:
 A = Spawn XP
 B = Non-spawn XP
 C = Spawn XP percentage of total XP
 D = Spawn monster count
 E = Non-spawn monster count
 F = Spawn count percentage of total count
 G = Total turns spent on level
                    A         B        C        D         E        F      G
               +---------+---------+-------+---------+---------+-------+---------
         Total |       0 |   33931 |   0.0 |       0 |     388 |   0.0 | 13062
               +---------+---------+-------+---------+---------+-------+---------
           D:1 |       0 |      38 |   0.0 |       0 |      25 |   0.0 |   995
           D:2 |       0 |     126 |   0.0 |       0 |      34 |   0.0 |   790
           D:3 |       0 |      63 |   0.0 |       0 |      20 |   0.0 |   704
           D:4 |       0 |     498 |   0.0 |       0 |      29 |   0.0 |   704
           D:5 |       0 |     756 |   0.0 |       0 |      25 |   0.0 |   856
           D:6 |       0 |    2032 |   0.0 |       0 |      46 |   0.0 |  1299
           D:7 |       0 |    1132 |   0.0 |       0 |      20 |   0.0 |   767
           D:8 |       0 |    6321 |   0.0 |       0 |      78 |   0.0 |  1522
           D:9 |       0 |    2501 |   0.0 |       0 |      16 |   0.0 |   854
          D:10 |       0 |    3239 |   0.0 |       0 |      32 |   0.0 |  1106
          D:11 |       0 |    7711 |   0.0 |       0 |      27 |   0.0 |  1468
        Lair:1 |       0 |     591 |   0.0 |       0 |       5 |   0.0 |   643
        Lair:2 |       0 |    5506 |   0.0 |       0 |      15 |   0.0 |   883
        Lair:3 |       0 |    2734 |   0.0 |       0 |      12 |   0.0 |   258
       Volcano |       0 |     683 |   0.0 |       0 |       4 |   0.0 |    90
               +---------+---------+-------+---------+---------+-------+---------

Vault maps used:
D:1:      tarquinn_simple_flora_water_f, hex_large, minmay_pentomino_s2
D:2:      minmay_roachtagon, serial_curves, eino_curves_03, eino_curves_01,
          feat_on_display, uniq_natasha
D:3:      hangedman_glass_teeth, elyvilon_altar_5
D:4:      grunt_ministairs_14
D:5:      first_ration, uniq_ijyb
D:6:      nicolae_ru_awakened_eye, kennysheep_mini,
          minmay_temple_entry_junction, hex_intersection
D:7:      old_standard_altar, roderic_cross_of_infinity
D:8:      erik_cavepeople, grunt_dithmenos_shadows, serial_undead,
          serial_undead_e, serial_undead_f, serial_undead_d, serial_undead_e,
          serial_undead_a, special_room, basic_altar, grunt_ogre_cave,
          uniq_prince_ribbit1
D:9:      serial_shops, shop, minmay_misc_feat_encased, uniq_maurice
D:10:     erik_orc_1, basic_altar, kb_rosetta
D:11:     dpeg_oklobed_lair, basic_altar, nicolae_trove_entry_crossroad,
          uniq_snorg, uniq_josephine
Temple:   hc_temple_tempest_star
Lair:3:   dummy_spider_entry, nicolae_volcano_entry_two_sided
Volcano:  volcano_tomb

Table legend:
 A = Turns spent in this place as a percentage of turns spent in the entire game.
 B = Non-inter-level travel turns spent in this place as a percentage of non-inter-level travel turns spent in the entire game.
 C = Inter-level travel turns spent in this place as a percentage of turns spent in this place.
 D = Turns resting spent in this place as a percentage of non-inter-level travel turns spent in this place.
 E = Turns spent auto-exploring this place as a percentage of non-inter-level travel turns spent in this place.
 F = Non-inter-level travel turns spent in this place divided by the number of levels of this place that you've seen.
                   A       B       C       D       E      F
               +-------+-------+-------+-------+-------+----------------------
         Total | 100.0 | 100.0 |   4.2 |  16.2 |  51.5 | 782.1
       Dungeon |  84.7 |  84.4 |   4.5 |  17.7 |  50.2 | 960.5
        Temple |   0.9 |   1.0 |   2.4 |   0.0 |  87.5 | 120.0
          Lair |  13.7 |  13.9 |   2.6 |   9.2 |  59.9 | 579.0
       Volcano |   0.7 |   0.7 |   0.0 |   0.0 |   0.0 |  90.0
               +-------+-------+-------+-------+-------+----------------------

Table legend:
 A = Kills in this place as a percentage of kills in entire the game.
 B = Kills by you in this place as a percentage of kills by you in the entire game.
 C = Kills by friends in this place as a percentage of kills by friends in the entire game.
 D = Other kills in this place as a percentage of other kills in the entire game.
 E = Experience gained in this place as a percentage of experience gained in the entire game.
 F = Experience gained in this place divided by the number of levels of this place that you have seen.
                   A       B       C       D       E      F
               +-------+-------+-------+-------+-------+----------------------
         Total | 100.0 | 100.0 |   N/A | 100.0 | 100.0 | 2120.7
       Dungeon |  90.7 |  90.6 |   N/A | 100.0 |  72.0 | 2219.7
          Lair |   8.2 |   8.3 |   N/A |   0.0 |  26.0 | 2943.7
       Volcano |   1.0 |   1.0 |   N/A |   0.0 |   2.0 | 683.0
               +-------+-------+-------+-------+-------+----------------------
